 Dungeon Crawl Stone Soup version 0.31-a0-981-geadf994542 (webtiles) character file.

Game seed: 12590014267086718461

282 CowFu the Ruffian (level 6, -3/51 HPs)
             Began as a Draconian Shapeshifter on Oct 31, 2023.
             Was an Initiate of Wu Jian.
             Killed from afar by a white imp (8 damage)
             ... with a puff of frost
             ... on level 5 of the Dungeon.
             The game lasted 00:03:55 (3446 turns).

CowFu the Ruffian (Draconian Shapeshifter)          Turns: 3446, Time: 00:03:56

Health: -3/51      AC:  6    Str: 18    XL:     6   Next: 6%
Magic:  6/6        EV: 11    Int: 11    God:    Wu Jian [......]
Gold:   250        SH:  7    Dex: 10    Spells: 5/5 levels left

rFire   . .          .
                       - Unarmed
rCold   . . .        p - +0 kite shield
rNeg    . . .        (body armour unavailable)
rPois   .            (helmet currently unavailable)
rElec   .            (cloak currently unavailable)
rCorr   .            (gloves currently unavailable)
SInv    .            (boots currently unavailable)
Will    .....        (no amulet)
Stlth   +            (no ring)
HPRegen 0.28/turn    (no ring)
MPRegen 0.10/turn

%: no passive effects
@: beast-form
A: beast (slay +2), AC +6, unfitting armour, cold-blooded, stinger 1, evolution
1
a: Begin Untransformation, Renounce Religion


You were on level 5 of the Dungeon.
You worshipped Wu Jian.
Wu Jian was noncommittal.
You were a hulking beast.
You visited 2 branches of the dungeon, and saw 6 of its levels.

You collected 250 gold pieces.

Inventory:

Missiles
 i - 2 throwing nets
Armour
 p - a +0 kite shield (worn)
Magical Staves
 k - the staff of the Foremost Yaks {Int+3 Earth}
   (You found it on level 2 of the Dungeon)

   [staff of earth]

   Base accuracy: +5 Base damage: 5 Base attack delay: 1.2 This weapon's minimum
   attack delay (0.6) is reached at skill level 12.
   Int+3:     It affects your intelligence (+3).
   Earth:     It increases the power of your Earth spells.
   It falls into the 'Staves' category.
   It is a one-handed weapon.
Talismans
 b - a beast talisman
 c - a flux talisman
Scrolls
 d - a scroll of revelation {unknown}
 e - a scroll of immolation {unknown}
 f - 8 scrolls of identify {unknown}
 h - 2 scrolls of poison {unknown}
 j - 2 scrolls of enchant armour {unknown}
 l - a scroll of silence {unknown}
 s - a scroll of fog {unknown}
 t - a scroll of noise {unknown}
Potions
 a - a potion of lignification
 g - a potion of mutation
 m - a potion of haste {unknown}
 n - a potion of enlightenment {unknown}
 o - a potion of degeneration {unknown}
 q - a potion of curing {unknown}
 r - 2 potions of heal wounds {unknown}


   Skills:
 + Level 3.1 Fighting
 + Level 3.1 Dodging
 + Level 2.0 Shields
 + Level 4.1 Unarmed Combat
 + Level 3.9 Shapeshifting


You had 5 spell levels left.
You didn't know any spells.
Your spell library contained the following spells:

 Spells                   Type           Power      Damage    Failure   Level
 Freeze                   Ice            0%         1d3       69%         1
 Kiss of Death            Conj/Necr      0%         2d5       69%         1
 Shock                    Conj/Air       0%         1d3       69%         1
 Blink                    Tloc           0%         N/A       83%         2
 Confusing Touch          Hex            0%         N/A       96%         3
 Frozen Ramparts          Ice            0%         1d1       96%         3
 Hailstorm                Conj/Ice       0%         3d3       96%         3
 Ozocubu's Armour         Ice            0%         N/A       96%         3
 Swiftness                Air            0%         N/A       96%         3
 Airstrike                Air            0%         2d(0-16)  100%        4
 Dispel Undead            Necr           0%         3d6       100%        4
 Manifold Assault         Tloc           0%         N/A       100%        4
 Metabolic Englaciation   Hex/Ice        0%         N/A       100%        5
 Simulacrum               Ice/Necr       0%         N/A       100%        6


Dungeon Overview and Level Annotations

Branches:
Dungeon (5/15)             Temple (1/1) D:4

Altars:
Ashenzari
Cheibriados
Elyvilon
Fedhas
Gozag
Hepliaklqana
Nemelex Xobeh
Okawaru
Qazlal
Uskayaw
Vehumet
Wu Jian
Xom

Shops:
D:5 (


Innate Abilities, Weirdness & Mutations

You are a hulking beast.
Your limbs bulge with bestial killing power. (Slay +2)
Your plain brown scales are hard. (AC +6)
You cannot fit into any form of body armour.
You are cold-blooded and may be slowed by cold attacks.
Your tail ends in a venomous barb.
You have hidden genetic potential.


Message History

An ogre comes into view. It is wielding a +0 giant club.
A white imp comes into view.
The white imp shouts!
You punch the ogre!
The ogre is moderately wounded.
The white imp gestures at you. The puff of frost hits you.
The ogre hits you with a +0 giant club!!
You hit the ogre. You tail-slap the ogre.
The ogre is severely wounded.
The white imp gestures at you. The puff of frost hits you.
* * * LOW HITPOINT WARNING * * *
You are too injured to fight recklessly!
You barely miss the ogre.
The ogre is severely wounded.
The ogre barely misses you. The white imp gestures at you.
The puff of frost hits you!
* * * LOW HITPOINT WARNING * * *
You hit the ogre.
The ogre is severely wounded.
The ogre barely misses you.
You punch the ogre!
You kill the ogre!
The Council accepts your kill.
Your Fighting skill increases to level 3!
Your Dodging skill increases to level 3!
Your Shields skill increases to level 2!
Your Unarmed Combat skill increases to level 4!
You have reached level 6!
Your scales feel tougher.
It was a potion of mutation.
You feel extremely strange.
A venomous barb forms on the end of your tail.
You feel a hidden potential growing inside you.
The white imp gestures at you. The puff of frost misses you.
The white imp gestures at you. The puff of frost hits you!
You die...

.. #### ... ####...#.
...####.......#.##
..................
....5.........#..
................ #..).....#
#.#####..#### #.h..........
......#####.......# ###.....
###..##.##.# #
##......####....##.##.###..#
#..........................#
#..#.#...#######.#.##.###....
#........##...##.#.##.# ##
#####........#.....#......#
.............#.....#.#.####


You could see a white imp.

Vanquished Creatures
  2 ogres
  A hound (D:4)
  2 adders
  2 ufetubi (D:3)
  A dart slug (D:3)
  A worm (D:2)
  6 orcs (D:3)
  5 ball pythons
  7 endoplasms
  6 giant cockroaches
  3 goblins
  A hobgoblin (D:1)
  2 jackals (D:3)
  2 quokkas
  4 bats
  A frilled lizard (D:1)
  6 kobolds
  A rat (D:3)
53 creatures vanquished.

Notes
Turn   | Place    | Note
-------+----------+-------------------------------------------
     0 | D:1      | CowFu the Draconian Shapeshifter began the quest for the
                  | Orb.
     0 | D:1      | Reached XP level 1. HP: 16/16 MP: 1/1
   253 | D:1      | Found a faded altar of an unknown god.
   339 | D:1      | Reached XP level 2. HP: 23/23 MP: 2/2
  1174 | D:2      | Identified the staff of the Foremost Yaks {Int+3 Earth}
  1380 | D:2      | Found the +5 robe of Misfortune {Harm *Corrode *Slow EV+5}
  1388 | D:2      | Reached XP level 3. HP: 28/29 MP: 3/3
  1696 | D:3      | Found an iron altar of Okawaru.
  2173 | D:3      | Reached XP level 4. HP: 20/36 MP: 4/4
  2741 | D:4      | Noticed an ogre
  2755 | D:4      | Killed an ogre
  2756 | D:4      | Reached skill level 1 in Shields
  2756 | D:4      | Reached XP level 5. HP: 31/42 MP: 5/5
  2821 | D:4      | Found a staircase to the Ecumenical Temple.
  2828 | Temple   | Entered the Ecumenical Temple
  2862 | Temple   | Became a worshipper of the Wu Jian Council
  2947 | D:4      | Found a snail-covered altar of Cheibriados.
  3058 | D:4      | Found a radiant altar of Vehumet.
  3375 | D:5      | Entered Level 5 of the Dungeon
  3375 | D:5      | Found Konug's Weapon Shoppe.
  3437 | D:5      | Noticed an ogre
  3443 | D:5      | Killed an ogre
  3444 | D:5      | Reached skill level 4 in Unarmed Combat
  3444 | D:5      | Reached XP level 6. HP: 4/51 MP: 6/6
  3444 | D:5      | Gained mutation: Your tail ends in a venomous barb. [potion
                  | of mutation]
  3444 | D:5      | Gained mutation: You have hidden genetic potential. [potion
                  | of mutation]
  3446 | D:5      | Killed from afar by a white imp

Illustrated notes

Levels and vault maps discovered:
D:1:      saegor_arrival_simple_e, layout_basic,
          chequers_ecumenical_altar_twisty
D:2:      layout_rooms, minmay_worlds_worst_comb
D:3:      layout_loops_corners, general_overflow_altar,
          chequers_decorated_corner
D:4:      layout_basic, cheibriados_altar_1, vehumet_crystals,
          minmay_temple_entry_arrows
D:5:      layout_loops_cross, nicolae_stop_n_shop_1,
          hangedman_abyss_or_decor_lesser_grid, minmay_misc_feat_enclosed,
          kennysheep_boxes, uniq_crazy_yiuf_cottage
Temple:   jpeg_temple_alley_garden

Skill      XL: |  1  2  3  4  5 |
---------------+----------------+-----
Dodging        | 2 3 |  3.1
Fighting       | 2 3 |  3.1
Shields        | 1 2 |  2.0
Unarmed Combat | 4 |  4.1
Shapeshifting  | |  3.9

Action                     |  1- 3 |  4- 6 || total
---------------------------+-------+-------++-------
  Melee: Unarmed           |   117 |    40 ||   157
         Tailslap          |    14 |     6 ||    20
         Punch             |     5 |       ||     5
Ability: Lunge             |       |     2 ||     2
    Use: Potion            |       |     1 ||     1
   Stab: Sleeping          |     1 |     1 ||     2
 Armour: Skin              |    68 |    20 ||    88
  Dodge: Dodged            |    55 |     7 ||    62
  Block: Kite shield       |    20 |    13 ||    33

Table legend: (Time is in decaauts)
 A = Elapsed time spent in this place.
 B = Non-inter-level travel time spent in this place.
 C = Inter-level travel time spent in this place.
 D = Time resting spent in this place.
 E = Time spent auto-exploring this place.
 F = Levels seen in this place.
 G = Mean time per level.
                   A        B        C        D        E       F      G
               +--------+--------+--------+--------+--------+-----+--------+
         Total |   3453 |   3238 |    215 |      0 |   2775 |   6 |  575.5 |
       Dungeon |   3385 |   3210 |    175 |      0 |   2775 |   5 |  677.0 |
        Temple |     67 |     27 |     40 |      0 |      0 |   1 |   67.0 |
               +--------+--------+--------+--------+--------+-----+--------+

Top non-repeatable levels by time:
     D:1: 1115 daAuts
     D:3: 1022 daAuts
     D:4: 652 daAuts
     D:2: 523 daAuts
     D:5: 71 daAuts
  Temple: 67 daAuts
